 Dungeon Crawl Stone Soup version 0.20.0-6-gd3061e9 (webtiles) character file.

2542 mopl the Artisan of Death (level 9, 0/66 HPs)
             Began as a Mummy Necromancer on May 28, 2017.
             Was a Priest of Kikubaaqudgha.
             Slain by a bullfrog (4 damage)
             ... on level 5 of the Dungeon.
             The game lasted 00:20:45 (8972 turns).

mopl the Artisan of Death (Mummy Necromancer)       Turns: 8972, Time: 00:20:45

Health: 0/66       AC:  3    Str: 11    XL:     9   Next: 30%
Magic:  17/21      EV: 12    Int: 18    God:    Kikubaaqudgha [***...]
Gold:   394        SH:  0    Dex: 12    Spells: 4/24 levels left

rFire    x . .     SeeInvis .   c - +1 dagger (venom)
rCold    + . .     Gourm    .   (no shield)
rNeg     + + +     Faith    .   H - +0 robe (curse)
rPois    ∞         Spirit   .   (no helmet)
rElec    .         Reflect  .   d - +0 cloak
rCorr    +         Harm     .   (no gloves)
MR       +....                  (no boots)
Stlth    ++........             (no amulet)
Regen    0.3/turn               r - ring of resist corrosion
MPRegen  0.2/turn               (no ring)

@: no status effects
A: no food or potions, fire vulnerability, cold resistance 1, negative energy
resistance 3, torment resistance, unbreathing
a: Receive Corpses, Renounce Religion


You were on level 5 of the Dungeon.
You worshipped Kikubaaqudgha.
Kikubaaqudgha was most pleased with you.
You were not hungry.

You visited 2 branches of the dungeon, and saw 7 of its levels.

You collected 394 gold pieces.

Inventory:

Hand Weapons
 a - a +0 spear
 c - a +1 dagger of venom (weapon)
 n - a +0 dagger of freezing
 u - a +1 dagger of draining
 A - a cursed -2 scimitar
Missiles
 i - 196 stones (quivered)
 p - a throwing net
 y - 5 tomahawks
 D - 4 tomahawks of dispersal
Armour
 d - a +0 cloak (worn)
 f - a +0 robe
 E - a cursed +0 ring mail
 H - a cursed +0 robe (worn)
Jewellery
 r - a ring of resist corrosion (left hand)
Wands
 q - a wand of enslavement (7/24)
 w - a wand of polymorph (18/24)
 z - a wand of flame (24/48)
 F - a wand of confusion (11/48)
Scrolls
 e - 2 scrolls of amnesia {unknown}
 h - a scroll of immolation {unknown}
 j - a scroll of enchant weapon
 k - a scroll of teleportation
 l - a scroll of blinking
 s - a scroll of enchant armour {unknown}
 t - a scroll of magic mapping {unknown}
 v - 3 scrolls of remove curse
 x - a scroll of fog {unknown}
 B - a scroll of recharging
Books
 b - Kikubaaqudgha's Papyrus of Necromancy
   (Kikubaaqudgha gifted it to you on level 6 of the Dungeon)

   Spells                             Type                      Level
   a - Animate Dead                   Necromancy                   4
   b - Excruciating Wounds            Charms/Necromancy            5
   c - Dispel Undead                  Necromancy                   5
   d - Simulacrum                     Ice/Necromancy               6
   e - Death Channel                  Necromancy                   6
 G - a book of Flames

   Spells                             Type                      Level
   a - Flame Tongue                   Conjuration/Fire             1
   b - Throw Flame                    Conjuration/Fire             2
   c - Conjure Flame                  Conjuration/Fire             3
   d - Inner Flame                    Hexes/Fire                   3
   e - Sticky Flame                   Conjuration/Fire             4
   f - Fireball                       Conjuration/Fire             5


   Skills:
 + Level 4.5 Fighting
 + Level 0.7 Polearms
 + Level 1.9 Dodging
 - Level 1.5 Stealth
 + Level 8.4 Spellcasting
 * Level 10.2 Necromancy


You had 4 spell levels left.
You knew the following spells:

 Your Spells              Type           Power        Failure   Level  Hunger
a - Pain                  Necr           ####         1%          1    N/A
b - Vampiric Draining     Necr           #####.....   1%          3    N/A
c - Corpse Rot            Necr           N/A          1%          2    N/A
d - Dispel Undead         Necr           #####...     3%          5    N/A
x - Animate Skeleton      Necr           N/A          1%          1    N/A
C - Control Undead        Necr           #####.....   1%          4    N/A
X - Animate Dead          Necr           N/A          1%          4    N/A

Dungeon Overview and Level Annotations

Branches:
Dungeon (6/15)             Temple (1/1) D:4

Altars:
Ashenzari
Fedhas
Gozag
Hepliaklqana
Kikubaaqudgha
Nemelex Xobeh

Annotations:
D:3 Grinder; ad3pt's ghost, amateur GrEE


Innate Abilities, Weirdness & Mutations

You do not eat or drink.
Your flesh is vulnerable to fire.
You are immune to poison.
Your flesh is cold resistant. (rC+)
You are immune to negative energy. (rN+++)
You are immune to unholy pain and torment.
You can survive without breathing.


Message History

8 arrows; an uncursed shortbow The phantom barely misses you.
The bullfrog hits you but does no damage.
The phantom hits you.
* * * LOW HITPOINT WARNING * * *
The bullfrog hits you.
* * * LOW HITPOINT WARNING * * *
Casting: Corpse Rot
Confirm with . or Enter, or press ? or * to list all spells.
Aiming: Vampiric Draining
Press: ? - help, Shift-Dir - straight line, f - bullfrog
Aim: a bullfrog The bullfrog is lightly wounded.
You feel life coursing into your body.
The orc wizard mumbles some strange words.
The orc wizard flickers and vanishes!
Deactivating autopickup; reactivate with Ctrl-A.
The bullfrog hits you.
You die...
Kikubaaqudgha rasps: "You have failed me!
Welcome... oblivion!"

..# #....# ..#
#.##.# ..# #.##.#
#.# #.##.# #.#
#.##.######## #.#
#.##..Z.....# ..#
#.##.######.# #>#
##.##.# #.#
#.###...#.#### #@#
#.ZZ.........###F##
#####...#.##.##{W.#
#.........##.##.>.#
#####...####.##...#
##.## #.##(### #..#
#.##(# ##.# #....#
#.# ###..#


You could see a phantom and a bullfrog.

Vanquished Creatures
  A hippogriff (D:6)
  2 ice beasts (D:6)
  A sky beast (D:5)
  2 ogres
  2 centaurs
  A big kobold (D:6)
  Blork the orc (D:5)
  A bullfrog (D:6)
  8 scorpions
  2 howler monkeys (D:4)
  2 crimson imps
  A bullfrog skeleton (D:6)
  3 orc priests
  2 jellies
  5 orc wizards
  An iguana (D:6)
  Natasha (thrice) (D:4)
  2 worker ants
  A hound skeleton (D:6)
  4 gnolls
  12 adders
  2 shadow imps (D:5)
  4 worms
  3 dart slugs
  5 leopard geckos
  14 orcs
  A ball python (D:4)
  3 giant cockroaches
  5 hobgoblins
  10 jackals
  3 quokkas
  8 bats
  4 frilled lizards
  6 goblins
  8 kobolds
  A leopard gecko skeleton (D:4)
  3 rats
  A plant (D:4)
138 creatures vanquished.

Vanquished Creatures (collateral kills)
  A sky beast (D:5)
  2 ogres
  A centaur zombie (D:5)
  An orc priest (D:5)
  2 orc wizards (D:5)
  2 adders
  2 adder skeletons (D:6)
  A worm (D:5)
  A dart slug (D:2)
  A leopard gecko (D:5)
  3 orcs
  A jackal (D:2)
  A quokka (D:2)
  A bat (D:2)
  A frilled lizard (D:2)
  2 kobolds (D:6)
  A rat (D:2)
24 creatures vanquished.

Vanquished Creatures (others)
  2 fungi (D:4)
2 creatures vanquished.

Grand Total: 164 creatures vanquished

Notes
Turn   | Place    | Note
-------+----------+-------------------------------------------
     0 | D:1      | mopl the Mummy Necromancer began the quest for the Orb.
     0 | D:1      | Reached XP level 1. HP: 13/13 MP: 4/4
   253 | D:1      | Reached XP level 2. HP: 11/19 MP: 0/5
   308 | D:1      | Learned a level 1 spell: Animate Skeleton
   373 | D:1      | Reached skill level 3 in Spellcasting
  1505 | D:2      | Found an ancient bone altar of Kikubaaqudgha.
  1510 | D:2      | Became a worshipper of Kikubaaqudgha
  1519 | D:2      | Reached XP level 3. HP: 19/24 MP: 4/7
  1832 | D:1      | Learned a level 3 spell: Vampiric Draining
  1889 | D:1      | Reached skill level 5 in Necromancy
  2443 | D:2      | Reached XP level 4. HP: 30/30 MP: 4/9
  2451 | D:2      | Learned a level 4 spell: Control Undead
  2565 | D:1      | Reached skill level 4 in Spellcasting
  2908 | D:3      | Noticed ad3pt's ghost (amateur GrEE)
  3430 | D:3      | Found a blossoming altar of Fedhas.
  3447 | D:3      | Found a shattered altar of Ashenzari.
  3460 | D:3      | Reached * piety under Kikubaaqudgha
  3460 | D:3      | Identified Kikubaaqudgha's Almanac of Darkness (Kikubaaqudgha gifted it to you on level 3 of the Dungeon)
  3460 | D:3      | Received a gift from Kikubaaqudgha
  3467 | D:3      | Learned a level 2 spell: Corpse Rot
  3687 | D:4      | Reached XP level 5. HP: 28/35 MP: 1/11
  3702 | D:4      | Reached skill level 6 in Necromancy
  4088 | D:3      | Noticed Grinder
  4284 | D:4      | Noticed Natasha
  4294 | D:4      | Killed Natasha
  4294 | D:4      | Reached skill level 5 in Spellcasting
  4294 | D:4      | Reached XP level 6. HP: 32/41 MP: 10/13
  4528 | D:4      | Found a staircase to the Ecumenical Temple.
  4647 | D:4      | Noticed Natasha
  4654 | D:4      | Killed Natasha
  4670 | D:4      | Noticed Natasha
  4689 | D:4      | Killed Natasha
  5062 | D:4      | Found a hazy altar of Hepliaklqana.
  5086 | Temple   | Entered the Ecumenical Temple
  5200 | D:4      | Reached skill level 7 in Necromancy
  5325 | D:4      | Reached XP level 7. HP: 25/46 MP: 8/15
  5353 | D:4      | Reached ** piety under Kikubaaqudgha
  5411 | D:4      | Reached skill level 6 in Spellcasting
  5423 | D:4      | Learned a level 4 spell: Animate Dead
  5707 | D:5      | Entered Level 5 of the Dungeon
  5942 | D:5      | Reached skill level 1 in Fighting
  6083 | D:5      | Reached skill level 8 in Necromancy
  6384 | D:5      | Found a sparkling altar of Nemelex Xobeh.
  6440 | D:5      | Reached skill level 2 in Fighting
  6440 | D:5      | Reached XP level 8. HP: 30/56 MP: 9/18
  6444 | D:5      | Reached skill level 7 in Spellcasting
  6549 | D:5      | Noticed Blork the orc
  6561 | D:5      | Killed Blork the orc
  6938 | D:5      | Found an opulent altar of Gozag.
  6999 | D:5      | Reached skill level 3 in Fighting
  6999 | D:5      | Reached skill level 9 in Necromancy
  7917 | D:6      | Reached skill level 8 in Spellcasting
  8152 | D:6      | Reached skill level 4 in Fighting
  8209 | D:6      | Reached XP level 9. HP: 35/65 MP: 11/21
  8742 | D:6      | Reached skill level 10 in Necromancy
  8858 | D:6      | Reached *** piety under Kikubaaqudgha
  8858 | D:6      | Identified Kikubaaqudgha's Papyrus of Necromancy (Kikubaaqudgha gifted it to you on level 6 of the Dungeon)
  8858 | D:6      | Received a gift from Kikubaaqudgha
  8866 | D:6      | Learned a level 5 spell: Dispel Undead
  8971 | D:5      | HP: 2/66 [bullfrog (6)]
  8972 | D:5      | Slain by a bullfrog

Skill      XL: |  1  2  3  4  5  6  7  8  9 |
---------------+----------------------------+-----
Spellcasting   | 3 4 5 6 8 |  8.4
Necromancy     | 5 6 7 8 9 10 | 10.2
Fighting       | 2 4 |  4.5
Polearms       | |  0.7
Dodging        | |  1.9
Stealth        | |  1.5

Action                   |  1- 3 |  4- 6 |  7- 9 || total
-------------------------+-------+-------+-------++-------
Melee: Spear             |    72 |    21 |       ||    93
       Dagger            |       |    96 |   279 ||   375
 Cast: Pain              |    46 |    56 |    46 ||   148
       Animate Skeleton  |     8 |     6 |     6 ||    20
       Vampiric Draining |     1 |    10 |    25 ||    36
       Corpse Rot        |       |     5 |     9 ||    14
       Control Undead    |       |     3 |     8 ||    11
       Animate Dead      |       |       |     1 ||     1
Invok: Receive Corpses   |       |       |     2 ||     2
Evoke: Wand              |       |       |     1 ||     1
  Use: Scroll            |     1 |     3 |     4 ||     8
 Stab: Sleeping          |     3 |     2 |     1 ||     6
       Distracted        |       |       |     2 ||     2
Armor: Robe              |    26 |    45 |    52 ||   123
Dodge: Dodged            |    47 |   118 |   177 ||   342
